 Dungeon Crawl Stone Soup version 0.28.0-53-g5a82cb258f (webtiles) character file.

Game seed: 9136531638474040926

2154 cbfl8 the Protected (level 9, 0/78 HPs)
             Began as a Minotaur Fighter on July 19, 2022.
             Was a Follower of Makhleb.
             Succumbed to a killer bee's poison
             ... on level 7 of the Dungeon.
             The game lasted 00:07:02 (6676 turns).

cbfl8 the Protected (Minotaur Fighter)              Turns: 6676, Time: 00:07:02

Health: 0/78       AC: 11    Str: 30    XL:     9   Next: 10%
Magic:  10/10      EV:  9    Int:  5    God:    Makhleb [*.....]
Gold:   195        SH:  5    Dex: 13    Spells: 8/8 levels left

rFire   . . .      SeeInvis .   t - +9 dagger of Wu Jian's Hatred {flame, Str+2 Stlth+}
rCold   . . .      Faith    .   c - +0 buckler
rNeg    . . .      Spirit   .   A - +0 chain mail
rPois   .          Reflect  .   F - +1 hat
rElec   .          Harm     .   (no cloak)
rCorr   .          Rampage  .   (no gloves)
Will    .....                   (no boots)
Stlth   ..........              (no amulet)
HPRegen 0.23/turn               j - +6 ring of strength
MPRegen 0.12/turn               (no ring)

@: lethally poisoned (0 -> -21), about to teleport
A: horns 2, retaliatory headbutt
a: Renounce Religion


You were on level 7 of the Dungeon.
You worshipped Makhleb.
Makhleb was aware of your devotion.
You visited 2 branches of the dungeon, and saw 8 of its levels.

You collected 195 gold pieces.

Inventory:

Hand Weapons
 a - a +0 war axe
 t - the +9 dagger of Wu Jian's Hatred (weapon) {flame, Str+2 Stlth+}
   (You found it on level 4 of the Dungeon)

   It burns those it strikes, dealing additional fire damage.
   Str:       It affects your strength (+2).
   Stlth:     It makes you more stealthy.
 w - the +6 spear of Amiaruxu {vamp, rPois}
   (You found it on level 4 of the Dungeon)

   It occasionally heals its wielder for a portion of the damage dealt when it
   wounds a living foe.
   rPois:     It protects you from poison.
 G - a +2 vorpal battleaxe
Missiles
 B - a throwing net
Armour
 b - a +0 scale mail
 c - a +0 buckler (worn)
 A - a +0 chain mail (worn)
 F - a +1 hat (worn)
Jewellery
 j - a +6 ring of strength (left hand)
Wands
 p - a wand of charming (10)
 x - a wand of mindburst (38)
 y - a wand of iceblast (4) (quivered)
 E - a wand of flame (14)
Scrolls
 f - 3 scrolls of magic mapping {unknown}
 g - a scroll of vulnerability {unknown}
 h - a scroll of enchant weapon {unknown}
 o - 6 scrolls of identify {unknown}
 q - a scroll of brand weapon {unknown}
 s - 2 scrolls of fog {unknown}
 u - 2 scrolls of immolation {unknown}
 v - a scroll of noise {unknown}
 C - 2 scrolls of blinking {unknown}
Potions
 d - a potion of mutation {unknown}
 i - 2 potions of heal wounds {unknown}
 k - a potion of haste {unknown}
 l - 2 potions of curing {unknown}
 m - 2 potions of degeneration {unknown}
 n - 3 potions of brilliance {unknown}
 r - a potion of attraction {unknown}
 z - a potion of berserk rage {unknown}
 D - a potion of magic {unknown}


   Skills:
 * Level 6.4 Fighting
 + Level 5.9 Short Blades
 + Level 5.0 Axes
 + Level 8.0 Armour
 + Level 2.6 Dodging
 + Level 1.2 Stealth
 + Level 5.5 Shields
 * Level 3.3 Invocations
 * Level 2.3 Evocations


You had 8 spell levels left.
You didn't know any spells.
Your spell library contained the following spells:

 Spells                   Type           Power      Damage    Failure   Level
 Call Canine Familiar     Summ           0%         N/A       100%        3
 Gell's Gravitas          Tloc           0%         N/A       100%        3
 Lesser Beckoning         Tloc           0%         N/A       100%        3
 Portal Projectile        Hex/Tloc       0%         N/A       100%        3
 Teleport Other           Tloc           0%         N/A       100%        3
 Leda's Liquefaction      Hex/Erth       0%         N/A       100%        4


Dungeon Overview and Level Annotations

Branches:
Dungeon (7/15)             Temple (1/1) D:4

Altars:
Ashenzari
Cheibriados
Dithmenos
Elyvilon
Fedhas
Kikubaaqudgha
Makhleb
Nemelex Xobeh
Okawaru
Qazlal
Ru
Sif Muna
Trog
Uskayaw
Wu Jian
Xom
Yredelemnul
Zin
The Shining One

Shops:
D:1 !

Portals:
Abyss: D:5

Annotations:
D:2 1 runed translucent door, Crazy Yiuf
D:5 2 transporters, clackabat's ghost, amateur MiMo


Innate Abilities, Weirdness & Mutations

You have a pair of horns on your head.
You reflexively headbutt those who attack you in melee.


Message History

You furiously retaliate!
You headbutt the killer bee. You block the killer bee's attack.
Unknown command.
You are too injured to fight recklessly!
Okay, then.
Okay, then.
Aiming: Iceblast
Press: ? - help, Q - select action, (/) - cycle Shift-Dir - straight line
Okay, then.
Okay, then.
As you read the scroll of teleportation, it crumbles to dust.
You feel strangely unstable.
You feel sick. The killer bee stings you.
The killer bee stings you but does no damage.
The killer bee barely misses you. You block the killer bee's attack.
The killer bee barely misses you. You furiously retaliate!
You headbutt the killer bee! The killer bee stings you!
The killer bee stings you but does no damage.
The killer bee barely misses you.
You feel sick.
The killer bee stings you but does no damage.
The killer bee stings you.
* * * LOW HITPOINT WARNING * * *
The killer bee stings you but does no damage. x2
The killer bee closely misses you. x2
Unknown command.
You open the door.
You feel sick. The killer bee stings you.
* * * LOW HITPOINT WARNING * * *
You are more poisoned.
The killer bee poisons you!
The killer bee stings you but does no damage.
The killer bee stings you.
* * * LOW HITPOINT WARNING * * *
The killer bee stings you.
* * * LOW HITPOINT WARNING * * *
You are lethally poisoned!
The killer bee poisons you!
The killer bee stings you but does no damage. x2
The killer bee completely misses you. The killer bee stings you!
* * * LOW HITPOINT WARNING * * *
You die...

.#
#.......##.##.#####
.#
#.......'.........#
.#
#.......###.#.###.#
.# .......### #...#
## ........######..#
.# ........#....#..#
.#
.......#.##.##.###.#
.#
......#y##...>....#
)#
......y.@#..#.#####
.# ......yyy#..#.#
.# ......(..$..#.#
## ....D......##.#
......#+#..##.#
...... #.....#
..#### #...... ..
#..###. #...


You could see a steam dragon and 5 killer bees.

Vanquished Creatures
  Pikel (D:7)
  Grinder (D:6)
  A steam dragon (D:7)
  Edmund (D:6)
  A water moccasin (D:6)
  2 ogres (D:4)
  2 centaurs
  A lemure (D:7)
  A phantom (D:7)
  2 bullfrogs
  A scorpion (D:6)
  A wyvern zombie (D:5)
  A water moccasin zombie (D:6)
  A wyvern skeleton (D:6)
  A centaur zombie (D:6)
  3 hounds
  2 orc priests (D:6)
  A gnoll shaman (D:6)
  An iguana (D:6)
  A hound skeleton (D:4)
  5 gnolls (D:6)
  4 adders
  A shadow imp (D:6)
  A white imp (D:4)
  An ufetubus (D:5)
  2 worms
  5 orcs
  5 endoplasms
  5 giant cockroaches
  7 goblins
  4 hobgoblins
  3 jackals (D:4)
  9 kobolds
  7 ball pythons
  8 bats
  5 frilled lizards
  5 rats
103 creatures vanquished.

Vanquished Creatures (others)
  An iguana (D:6)
1 creature vanquished.

Grand Total: 104 creatures vanquished

Notes
Turn   | Place    | Note
-------+----------+-------------------------------------------
     0 | D:1      | cbfl8 the Minotaur Fighter began the quest for the Orb.
     0 | D:1      | Reached XP level 1. HP: 19/19 MP: 0/0
   133 | D:1      | Reached XP level 2. HP: 27/27 MP: 1/1
   387 | D:1      | Found Valeble's Distillery.
   881 | D:2      | Reached XP level 3. HP: 33/33 MP: 2/2
   957 | D:2      | Reached skill level 4 in Armour
  1105 | D:2      | Found a runed translucent door.
  1106 | D:2      | Noticed Crazy Yiuf
  2323 | D:4      | Identified the +9 dagger of Wu Jian's Hatred {flame, Str+2
                  | Stlth+}
  2418 | D:4      | Reached XP level 4. HP: 40/40 MP: 3/3
  2565 | D:4      | Identified the +6 spear of Amiaruxu {vamp, rPois}
  2607 | D:4      | Found a staircase to the Ecumenical Temple.
  2616 | D:4      | Noticed an ogre
  2621 | D:4      | Killed an ogre
  2622 | D:4      | Reached XP level 5. HP: 17/46 MP: 4/4
  2840 | Temple   | Entered the Ecumenical Temple
  3049 | Temple   | Became a worshipper of Makhleb the Destroyer
  3133 | D:4      | Noticed a centaur
  3140 | D:4      | Killed a centaur
  3141 | D:4      | Reached skill level 1 in Short Blades
  3141 | D:4      | Reached skill level 5 in Armour
  3141 | D:4      | Reached skill level 1 in Dodging
  3651 | D:5      | Entered Level 5 of the Dungeon
  3651 | D:5      | Noticed a centaur
  3653 | D:5      | Noticed an ogre
  3661 | D:4      | Reached XP level 6. HP: 40/53 MP: 5/5
  4286 | D:5      | Reached skill level 5 in Axes
  4347 | D:5      | Reached skill level 6 in Armour
  4460 | D:5      | Found a transporter.
  4523 | D:5      | Found a transporter.
  4561 | D:5      | Reached XP level 7. HP: 54/60 MP: 6/6
  4627 | D:5      | Found a one-way gate to the infinite horrors of the Abyss.
  4627 | D:5      | Noticed a small abomination
  4627 | D:5      | Noticed clackabat's ghost (amateur MiMo)
  4900 | D:6      | Noticed Grinder
  4906 | D:6      | Paralysed by Grinder for 4 turns
  4919 | D:6      | Paralysed by Grinder for 3 turns
  4927 | D:6      | Killed Grinder
  4928 | D:6      | Reached skill level 5 in Fighting
  4928 | D:6      | Reached skill level 7 in Armour
  5142 | D:6      | Reached skill level 1 in Invocations
  5154 | D:6      | Noticed Edmund
  5159 | D:6      | Reached skill level 5 in Shields
  5159 | D:6      | Reached skill level 1 in Evocations
  5159 | D:6      | Reached XP level 8. HP: 68/68 MP: 8/8
  5172 | D:6      | Killed Edmund
  5512 | D:6      | Reached * piety under Makhleb
  5516 | D:6      | Reached skill level 5 in Short Blades
  6269 | D:7      | Noticed Pikel
  6290 | D:7      | Killed Pikel
  6291 | D:7      | Reached skill level 1 in Stealth
  6638 | D:7      | Reached XP level 9. HP: 72/77 MP: 10/10
  6670 | D:7      | Reached skill level 8 in Armour
  6676 | D:7      | Succumbed to a killer bee's poison

Illustrated notes

Levels and vault maps discovered:
D:1:      minmay_arrival_arboretum_small, layout_basic, serial_shops,
          nicolae_shop_trees
D:2:      layout_loops_corners, uniq_crazy_yiuf_cottage
D:3:      layout_loops_ring
D:4:      layout_loops_ring, minmay_temple_entry_large_hall,
          chequers_serial_rivers_small_b
D:5:      layout_rooms, gammafunk_ghost_abyssal_escape,
          kennysheep_generic_room_14
D:6:      layout_loops_ring, wad_rectangle_vault, uniq_grinder, uniq_edmund
D:7:      layout_basic, uniq_pikel
Temple:   mainiacjoe_temple_bowtie_tessellation

Skill      XL: |  1  2  3  4  5  6  7  8  9 |
---------------+----------------------------+-----
Axes           | 3 4 5 |  5.0
Fighting       | 4 5 6 |  6.4
Shields        | 4 5 |  5.5
Armour         | 4 5 6 7 8 |  8.0
Short Blades   | 1 2 4 5 |  5.9
Dodging        | 1 2 |  2.6
Invocations    | 1 3 |  3.3
Evocations     | 1 2 |  2.3
Stealth        | 1 |  1.2

Action                   |  1- 3 |  4- 6 |  7- 9 || total
-------------------------+-------+-------+-------++-------
Melee: War axe           |    79 |       |       ||    79
       Headbutt          |    11 |     8 |    14 ||    33
       Dagger            |     3 |    53 |    84 ||   140
Evoke: Wand              |       |       |     8 ||     8
  Use: Potion            |       |     1 |       ||     1
       Scroll            |       |       |     1 ||     1
Armor: Scale mail        |    43 |    19 |       ||    62
       Chain mail        |       |       |    47 ||    47
Dodge: Dodged            |    50 |    31 |    38 ||   119
Block: Buckler           |    22 |    18 |    15 ||    55
